Map: Lightshade LE

Players

黑羽快斗 (ButAlways) - Winner!

  • Race: Protoss Protoss
  • League: Master

GogojOey

  • Race: Zerg Zerg

Event: DreamHack SC2 Masters 2021 Summer

VOD

Have the link to the VOD?

Description

Time

  • Played on: May 20, 2021, 8:27 a.m.
  • Length: 14:38

All games in this series

Show
View Real Time Build Order
Export as new Build Order

黑羽快斗 Protoss - Winner!

Build Orders: Zealot Archon 

Get SALT Encoding   

  12  0:00  Probe  
  13  0:12  Probe  
  14  0:20  Pylon  
  14  0:24  Probe  
  15  0:38  Probe (Chrono Boost), Gateway  
  16  0:47  Probe (Chrono Boost), Assimilator  
  17  0:52  Probe (Chrono Boost)  
  18  1:04  Probe  
  19  1:12  Gateway, Pylon  
  19  1:25  Cybernetics Core  
  19  1:26  Zealot (Chrono Boost)  
  21  1:36  Probe  
  24  1:48  Probe, Zealot (Chrono Boost)  
  24  2:00  Adept (Chrono Boost)  
  26  2:12  Nexus  
  26  2:21  Probe  
  25  2:25  Assimilator  
  25  2:33  Probe  
  26  2:46  Probe  
  26  2:50  Stargate  
  27  2:58  Probe  
  28  3:08  Warp Gate  
  28  3:10  Probe (Chrono Boost)  
  30  3:21  Probe (Chrono Boost)  
  30  3:26  Probe (Chrono Boost)  
  31  3:27  Void Ray  
  31  3:30  Probe (Chrono Boost)  
  31  3:34  Probe (Chrono Boost)  
  37  3:37  Probe (Chrono Boost)  
  37  3:39  Probe (Chrono Boost)  
  39  3:43  Nexus  
  39  3:46  Pylon  
  39  3:48  Probe  
  39  3:55  Probe, Pylon  
  41  4:00  Probe  
  41  4:01  Void Ray (Chrono Boost)  
  42  4:07  Probe  
  43  4:12  Probe  
  48  4:18  Twilight Council  
  48  4:19  Probe  
  49  4:25  Probe (Chrono Boost)  
  49  4:30  Forge  
  50  4:31  Probe (Chrono Boost)  
  50  4:37  Assimilator  
  52  4:39  Assimilator  
  52  4:43  Probe x2 (Chrono Boost)  
  53  4:47  Probe (Chrono Boost)  
  53  4:49  Probe (Chrono Boost)  
  53  4:51  Pylon  
  55  4:55  Charge (Chrono Boost)  
  55  4:58  Probe  
  56  5:01  Probe x2  
  56  5:04  Protoss Ground Weapons Level 1 (Chrono Boost)  
  58  5:10  Probe  
  58  5:12  Robotics Facility  
  58  5:13  Probe x2  
  61  5:18  Gateway  
  61  5:22  Probe, Adept  
  61  5:23  Adept  
  61  5:25  Probe x2  
  68  5:34  Probe  
  68  5:37  Probe x2  
  69  5:44  Gateway  
  69  5:45  Gateway  
  69  5:46  Probe  
  69  5:49  Probe x2  
  72  5:51  Gateway  
  72  5:56  Zealot  
  74  5:58  Probe  
  74  5:59  Pylon  
  74  6:00  Observer (Chrono Boost)  
  76  6:09  Templar Archives, Assimilator  
  76  6:13  Warp Prism (Chrono Boost)  
  76  6:14  Assimilator  
  76  6:17  Probe x2  
  80  6:21  Photon Cannon  
  80  6:31  Stargate  
  80  6:32  Probe x2  
  82  6:33  Stargate  
  82  6:34  Probe, Pylon  
  82  6:38  Void Ray  
  83  6:40  Pylon  
  87  6:52  Pylon  
  87  6:58  High Templar  
  87  6:59  High Templar  
  87  7:00  Zealot x3, Protoss Air Weapons Level 1  
  97  7:03  Archon, Pylon  
  97  7:12  Void Ray  
  101  7:25  Zealot x4, Void Ray  
  101  7:29  Void Ray  
  103  7:48  Protoss Ground Weapons Level 2  
  103  7:50  Void Ray (Chrono Boost)  
  101  7:53  Zealot x6  
  117  8:01  Pylon x2  
  117  8:03  Void Ray (Chrono Boost)  
  121  8:14  Zealot  
  121  8:15  Void Ray (Chrono Boost)  
  121  8:17  Zealot  
  125  8:24  Void Ray (Chrono Boost)  
  129  8:28  Zealot x4  
  141  8:41  Void Ray (Chrono Boost)  
  135  8:54  Fleet Beacon  
  131  8:56  Nexus  
  131  8:59  Dark Shrine  
  123  9:05  Zealot x3  
  123  9:06  Zealot  
  135  9:30  Zealot x3  
  141  9:36  Phoenix x2  
  141  9:45  Phoenix  
  141  9:48  Photon Cannon  
  141  9:49  Pylon  
  141  9:50  Pylon, Shield Battery  
  141  9:51  Shield Battery  
  133  9:53  Zealot x2  
  131  10:02  Phoenix  
  123  10:10  Pylon  
  119  10:15  Dark Templar x3  
  119  10:17  Dark Templar  
  125  10:26  Assimilator  
  125  10:28  Assimilator  
  124  10:37  Dark Templar x2  
  130  10:43  Carrier  
  130  10:48  Flux Vanes  
  123  10:51  Zealot  
  123  11:03  Nexus  
  123  11:07  Photon Cannon  
  123  11:09  Shield Battery  
  123  11:10  High Templar x4  
  131  11:13  Pylon  
  131  11:14  Archon x2  
  131  11:20  Pylon  
  131  11:22  Zealot x2  
  124  11:36  Phoenix x2  
  128  11:47  Phoenix  
  130  11:48  Zealot x2  
  132  12:00  Probe  
  125  12:14  Probe x2  
  125  12:15  Probe x2  
  133  12:26  Probe  
  133  12:27  Probe x2  
  137  12:38  Tempest (Chrono Boost)  
  137  12:39  Tempest (Chrono Boost)  
  137  12:43  Tempest (Chrono Boost)  
  135  12:45  Dark Templar x3  
  137  12:54  Probe x4  
  141  13:06  Probe x2  
  141  13:07  Tempest (Chrono Boost)  
  148  13:14  Zealot x3  
  154  13:20  Shield Battery  
  154  13:22  Shield Battery x2  
  154  13:23  Shield Battery  
  154  13:27  Tempest  
  159  13:36  Tempest  
  164  13:46  Tempest  
  169  13:51  Dark Templar x2  
  146  14:14  Zealot x4  
  159  14:17  Probe  
  159  14:22  Probe  
  159  14:23  Probe  
Show
View Real Time Build Order
Export as new Build Order

GogojOey Zerg 

Build Orders: Pool First 

Get SALT Encoding   

  12  0:17  Spawning Pool  
  11  0:22  Drone  
  11  0:26  Drone  
  13  0:30  Drone  
  14  0:40  Overlord  
  14  1:03  Queen, Zergling x4  
  18  1:05  Zergling x2  
  19  1:16  Zergling x2  
  20  1:26  Zergling x2  
  21  1:33  Hatchery  
  21  1:37  Drone  
  21  1:47  Overlord  
  21  1:59  Drone  
  22  2:11  Drone  
  22  2:12  Drone x3  
  22  2:14  Extractor  
  25  2:22  Drone  
  25  2:25  Queen  
  27  2:33  Drone  
  28  2:47  Drone  
  28  2:51  Drone  
  30  2:57  Hatchery  
  29  3:00  Queen  
  31  3:08  Drone  
  31  3:10  Overlord  
  32  3:16  Drone x2  
  32  3:19  Drone  
  35  3:23  Metabolic Boost  
  35  3:28  Drone  
  35  3:31  Drone  
  35  3:33  Drone  
  38  3:36  Drone  
  38  3:39  Drone  
  40  3:41  Drone  
  40  3:47  Overlord  
  41  3:49  Drone  
  41  3:51  Drone x2  
  44  4:07  Drone x2  
  44  4:09  Drone x2  
  48  4:10  Overlord  
  48  4:11  Drone x2, Spore Crawler  
  48  4:12  Drone  
  50  4:24  Overlord  
  50  4:28  Queen  
  50  4:30  Overlord  
  52  4:32  Drone x2  
  52  4:37  Overlord  
  54  4:39  Spore Crawler  
  54  4:42  Queen  
  54  4:43  Drone x3  
  54  4:44  Spore Crawler  
  57  4:47  Zergling x2  
  57  4:48  Overlord  
  57  4:49  Drone  
  57  4:50  Drone  
  60  4:55  Drone x3  
  60  4:57  Drone x2  
  64  5:02  Lair  
  64  5:06  Drone x3  
  67  5:10  Queen  
  67  5:14  Drone x2  
  71  5:21  Roach Warren  
  71  5:23  Drone x4  
  71  5:24  Extractor  
  71  5:25  Extractor  
  72  5:29  Overlord  
  72  5:30  Drone  
  72  5:34  Drone  
  72  5:37  Extractor  
  72  5:38  Extractor  
  72  5:40  Drone x4  
  72  5:41  Drone, Evolution Chamber  
  72  5:42  Drone, Overlord  
  74  5:48  Zergling x4  
  76  5:58  Drone  
  76  6:02  Glial Reconstitution, Roach x5  
  86  6:06  Queen  
  86  6:07  Roach  
  86  6:08  Roach x3  
  96  6:16  Overlord x2  
  96  6:20  Overlord  
  96  6:25  Drone, Zerg Missile Weapons Level 1, Overlord  
  97  6:28  Drone, Overlord  
  97  6:31  Overseer  
  97  6:32  Overlord  
  98  6:35  Roach x5  
  98  6:36  Roach  
  110  6:41  Roach x3  
  116  6:50  Roach x2  
  116  6:51  Queen x2  
  116  6:52  Ravager x2  
  116  6:53  Roach x2  
  130  7:01  Roach x3  
  136  7:03  Ravager  
  136  7:04  Zergling x2  
  136  7:05  Overlord  
  138  7:12  Overlord  
  138  7:14  Overlord x2  
  138  7:21  Overlord  
  138  7:23  Queen  
  140  7:31  Hatchery  
  140  7:33  Roach  
  140  7:34  Roach x6  
  150  7:41  Roach  
  147  7:44  Queen  
  147  7:47  Roach x4  
  147  7:48  Roach  
  158  7:54  Extractor  
  158  7:55  Spire  
  158  7:56  Ravager  
  155  8:10  Drone x3  
  158  8:14  Drone x3  
  158  8:17  Queen  
  161  8:24  Drone x2, Queen x2  
  151  8:39  Zergling x10, Roach  
  153  8:43  Zerg Missile Weapons Level 2  
  153  8:45  Drone x4  
  148  8:49  Drone x2  
  148  8:50  Drone  
  148  8:53  Drone x3  
  154  8:59  Drone  
  154  9:01  Drone x3  
  158  9:08  Drone x2  
  160  9:10  Mutalisk x5  
  160  9:14  Mutalisk x3  
  174  9:18  Mutalisk  
  174  9:19  Mutalisk  
  174  9:24  Mutalisk  
  174  9:28  Queen  
  178  9:33  Mutalisk  
  169  9:40  Zergling x12  
  169  9:42  Queen  
  170  9:47  Mutalisk  
  164  9:57  Mutalisk  
  131  10:10  Mutalisk  
  132  10:19  Queen x2  
  132  10:20  Queen  
  138  10:21  Mutalisk  
  138  10:24  Zergling x2  
  138  10:27  Overseer  
  139  10:34  Zergling x4  
  133  10:46  Drone  
  133  10:47  Queen  
  121  10:52  Drone x7  
  121  10:54  Drone  
  121  10:55  Drone  
  130  11:01  Queen  
  124  11:14  Hydralisk Den  
  124  11:15  Queen  
  124  11:16  Queen  
  127  11:20  Ravager x2  
  127  11:22  Ravager x2  
  127  11:23  Queen  
  134  11:25  Ravager x3  
  134  11:26  Ravager x2  
  134  11:32  Roach x3  
  144  11:39  Roach x3  
  140  11:50  Roach x5  
  142  11:59  Roach x4  
  136  12:12  Hydralisk x5  
  143  12:17  Drone x2, Grooved Spines  
  145  12:30  Hydralisk  
  145  12:31  Hydralisk x3  
  150  12:44  Hydralisk x4  
  154  12:55  Hydralisk x3  
  154  12:56  Hydralisk  
  158  13:13  Hydralisk x2  
  162  13:24  Hatchery  
  162  13:26  Hydralisk  
  163  13:29  Ravager  
  164  13:36  Overlord  
  164  13:37  Overlord  
  164  13:47  Hydralisk  
  164  13:48  Roach  
  118  14:09  Hydralisk x7  
Tags
 
Add a new tag
Caveats
  • Supply blocks, unpowered buildings, or Contaminate may cause inaccurate times.
  • Supply counts are checked every 10 seconds.